 Dungeon Crawl Stone Soup version 0.30.0 (webtiles) character file.

Game seed: 18250742111795215869

3446 NekoPoi the Cleaver (level 9, -2/81 HPs)
             Began as a Minotaur Fighter on Dec 24, 2023.
             Was an Initiate of Ru.
             Slain by a troll (7 damage)
             ... on level 9 of the Dungeon.
             The game lasted 00:22:43 (4342 turns).

NekoPoi the Cleaver (Minotaur Fighter)              Turns: 4342, Time: 00:22:44

Health: -2/81      AC: 11    Str: 24    XL:     9   Next: 77%
Magic:  8/8        EV: 14    Int:  5    God:    Ru [......]
Gold:   226        SH:  7    Dex: 17    Spells: 8/8 levels left

rFire   + . .        p - +0 hand axe (elec)
rCold   . . .        c - +0 buckler
rNeg    . . .        o - +1 scale mail {rF+}
rPois   .            (helmet restricted)
rElec   .            (no cloak)
rCorr   .            k - +1 pair of gloves
SInv    .            (no boots)
Will    .....        e - amulet of faith Stlth
                     h - +6 ring of dexterity
HPRegen 0.33/turn    d - +5 ring of evasion
MPRegen 0.11/turn

%: faith
@: invisible
A: horns 2, retaliatory headbutt
a: Renounce Religion


You were on level 9 of the Dungeon.
You worshipped Ru.
Ru was noncommittal.
You visited 2 branches of the dungeon, and saw 9 of its levels.

You collected 226 gold pieces.

Inventory:

Hand Weapons
 g - a +2 short sword of speed
 p - a +0 hand axe of electrocution (weapon)
Armour
 c - a +0 buckler (worn)
 k - a +1 pair of gloves (worn)
 o - a +1 scale mail of fire resistance (worn)
Jewellery
 d - a +5 ring of evasion (right hand)
 e - an amulet of faith (around neck)
 h - a +6 ring of dexterity (left hand)
 q - a ring of protection from cold
Wands
 a - a wand of iceblast (2)
Scrolls
 f - a scroll of blinking
 i - a scroll of summoning {unknown}
 j - a scroll of teleportation {unknown}
 l - 2 scrolls of fog
 m - a scroll of fear
Potions
 b - 2 potions of curing
 n - a potion of degeneration {unknown}
 r - a potion of brilliance {unknown}


   Skills:
 - Level 8.0 Fighting
 - Level 3.6 Short Blades
 * Level 10.7 Axes
 - Level 6.6 Armour
 * Level 9.2 Shields


You had 8 spell levels left.
You didn't know any spells.
Your spell library contained the following spells:

 Spells                   Type           Power      Damage    Failure   Level
 Passage of Golubria      Tloc           0%         N/A       100%        4
 Silence                  Hex/Air        0%         N/A       100%        5
 Lehudib's Crystal Spear  Conj/Erth      0%         10d2      100%        8


Dungeon Overview and Level Annotations

Branches:
Dungeon (9/15)             Temple (1/1) D:4             Orc (0/2) D:9
   Lair: D:8-11

Altars:
Elyvilon
Ru
Wu Jian
Yredelemnul
Lugonu

Portals:
Abyss: D:4


Innate Abilities, Weirdness & Mutations

You have a pair of horns on your head.
You reflexively headbutt those who attack you in melee.


Message History

You block the warg's attack.
The orc warrior hits you from afar with a +0 trident!
You slash the warg! Lightning courses through the warg!!
You kill the warg!
The orc warrior throws a boomerang.
The boomerang closely misses you.
You hit the orc but do no damage. The orc warrior barely misses you.
The orc misses you.
You slash the orc! Lightning courses through the orc!
You kill the orc!
A troll comes into view.
The troll shouts!
You hear a shout!
The orc warrior hits you with a +0 trident.
Items here: )) ††.
Found a scroll labelled KUUNLATIACYTS.
You block the orc warrior's attack. You block the orc warrior's attack.
The orc warrior throws a boomerang.
The boomerang closely misses you. You block the orc warrior's attack.
The troll bites you but does no damage. The troll claws you.
The troll misses you. The troll attacks as you move away! The troll bites you!
The troll claws you!
* * * LOW HITPOINT WARNING * * *
You block the troll's attack.
The orc warrior hits you with a +0 trident!
* * * LOW HITPOINT WARNING * * *
The troll attacks as you move away! The troll misses you.
You furiously retaliate!
You headbutt the troll. The troll barely misses you.
The troll completely misses you.
The orc warrior hits you with a +0 trident!
* * * LOW HITPOINT WARNING * * *
A killer bee comes into view.
Items here: )) ††.
Okay, then.
You fade into invisibility!
The killer bee buzzes angrily.
The orc warrior closely misses you. The troll barely misses you.
The troll claws you but does no damage. You block the troll's attack.
The killer bee buzzes angrily.
A killer bee comes into view.
The killer bee buzzes angrily. x2
The troll barely misses you. The troll claws you!
You die...

....####....>..
...............
...........y......
..................
#...y....... #..........
.......... #.o......
..........#######T####.####.
..... ........@...........
#... ..#########..(.....
#..# #.# #........
##..######.#########........
............................
..[...............##########
#.................#
#.................#
#........<........#


You could see a troll (unable to see you), an orc warrior (unable to see you)
and 2 killer bees.

Vanquished Creatures
  The ghost of thelochok the Firebug, a novice DrFE of Xom (D:6)
  The ghost of JaredAshtonScott the Slasher, a novice HuMo of Elyvilon (D:5)
  A troll (D:7)
  A wraith (D:6)
  A warg (D:9)
  A water moccasin (D:7)
  A black bear (D:7)
  2 ice beasts
  An orc warrior (D:7)
  2 sky beasts
  A centaur (D:8)
  A kobold brigand (D:6)
  6 bullfrogs
  2 scorpions
  3 killer bees (D:7)
  2 howler monkeys (D:7)
  3 quasits (D:5)
  3 jellies
  6 orc priests
  A gnoll bouda (D:4)
  A sleepcap (D:7)
  A hound (D:7)
  8 orc wizards
  4 adders
  15 gnolls
  An ufetubus (D:6)
  A dart slug (D:1)
  30 orcs
  An endoplasm (D:1)
  A giant cockroach (D:4)
  3 goblins (D:1)
  2 hobgoblins (D:1)
  A quokka (D:1)
  5 ball pythons (D:1)
  A bat (D:1)
  9 kobolds
  A rat (D:1)
125 creatures vanquished.

Vanquished Creatures (others)
  A lurking horror (D:4)
1 creature vanquished.

Grand Total: 126 creatures vanquished

Notes
Turn   | Place    | Note
-------+----------+-------------------------------------------
     0 | D:1      | NekoPoi the Minotaur Fighter began the quest for the Orb.
     0 | D:1      | Reached XP level 1. HP: 19/19 MP: 0/0
   156 | D:1      | Reached XP level 2. HP: 27/27 MP: 1/1
   340 | D:2      | You fall into a shaft and drop 2 floors!
   371 | D:4      | Reached skill level 3 in Axes
   376 | D:4      | Reached XP level 3. HP: 29/33 MP: 2/2
   398 | D:4      | Noticed an ice beast
   415 | D:4      | Killed an ice beast
   416 | D:4      | Reached XP level 4. HP: 41/41 MP: 3/3
   416 | D:4      | Reached XP level 5. HP: 47/47 MP: 4/4
   467 | D:4      | Found a staircase to the Ecumenical Temple.
   476 | D:4      | Reached skill level 4 in Axes
   496 | Temple   | Entered the Ecumenical Temple
   523 | D:4      | Reached skill level 5 in Fighting
   523 | D:4      | Reached skill level 5 in Shields
   638 | D:4      | Found a one-way gate to the infinite horrors of the Abyss.
   640 | D:4      | Found a corrupted altar of Lugonu.
   862 | D:4      | Reached skill level 5 in Armour
   906 | D:4      | Reached XP level 6. HP: 43/56 MP: 5/5
  1104 | D:5      | Entered Level 5 of the Dungeon
  1120 | D:5      | Noticed JaredAshtonScott's ghost (novice HuMo)
  1129 | D:5      | Found a transporter.
  1152 | D:5      | Reached skill level 1 in Short Blades
  1218 | D:5      | Found a transporter.
  1395 | D:5      | Reached skill level 5 in Axes
  1415 | D:5      | Killed JaredAshtonScott's ghost
  1416 | D:5      | Reached XP level 7. HP: 22/64 MP: 6/6
  1659 | D:6      | Reached skill level 6 in Axes
  1769 | D:6      | Found an ornate altar of the Wu Jian Council.
  1851 | D:6      | Reached XP level 8. HP: 54/73 MP: 7/7
  1859 | D:6      | Found a runed translucent door.
  1880 | D:6      | Noticed thelochok's ghost (novice DrFE)
  1917 | D:6      | Killed thelochok's ghost
  1918 | D:6      | Reached skill level 7 in Axes
  2336 | D:6      | Reached skill level 8 in Axes
  2638 | D:7      | Reached XP level 9. HP: 34/81 MP: 8/8
  2873 | D:7      | Reached skill level 9 in Axes
  3267 | D:7      | Found a basalt altar of Yredelemnul.
  3267 | D:7      | Found a white marble altar of Elyvilon.
  3267 | D:7      | Found a sacrificial altar of Ru.
  3295 | D:7      | Became a worshipper of Ru the Awakened
  3550 | D:7      | Noticed a troll
  3566 | D:7      | Killed a troll
  3909 | D:7      | Reached skill level 10 in Axes
  4287 | D:9      | Identified the +1 robe "Buoptumi" {Str+4 SInv}
  4318 | D:9      | Found a staircase to the Orcish Mines.
  4333 | D:9      | Noticed a troll
  4339 | D:9      | HP: 4/81 [orc warrior/+0 trident (7)]
  4342 | D:9      | Slain by a troll

Illustrated notes

Levels and vault maps discovered:
D:1:      dpeg_arrival_tiny_e, layout_rooms, minmay_tromino_i2
D:2:      layout_loops_ring, serial_shops, shop, uniq_terence,
          uniq_crazy_yiuf_cottage
D:4:      layout_rooms, minmay_temple_entry_proselytizer,
          amcnicky_altar_lugonu_corruption
D:5:      layout_cave_pods, gammafunk_ghost_stat_death, uniq_blork_the_orc,
          uniq_duvessa
D:6:      minmay_angry_zag, layout_basic, nicolae_wu_jian_wuxing_cycle,
          ebering_ghost_sewer_d
D:7:      layout_basic, gammafunk_temple_overflow_claw
D:8:      layout_loops_ring
D:9:      layout_long_grid, kennysheep_little_box, david_orc_3, uniq_maurice
Temple:   regret_index_temple_sphere_string

Skill      XL: |  1  2  3  4  5  6  7  8  9 |
---------------+----------------------------+-----
Fighting       | 4 5 6 7 8 |  8.0
Shields        | 4 5 6 9 |  9.2
Armour         | 4 5 6 |  6.6
Axes           | 3 4 5 6 8 10 | 10.7
Short Blades   | 2 3 |  3.6

Action                     |  1- 3 |  4- 6 |  7- 9 || total
---------------------------+-------+-------+-------++-------
  Melee: War axe           |    51 |    42 |       ||    93
         Headbutt          |     5 |    23 |    56 ||    84
         Short sword       |       |    50 |    33 ||    83
         Hand axe          |       |       |   254 ||   254
    Use: Potion            |     2 |       |     2 ||     4
         Scroll            |       |     4 |     1 ||     5
 Armour: Ring mail         |    22 |       |       ||    22
         Plate armour      |     8 |    31 |       ||    39
         Scale mail        |       |    49 |   100 ||   149
  Dodge: Dodged            |    31 |   123 |   152 ||   306
  Block: Buckler           |    14 |    31 |    79 ||   124
